 Dungeon Crawl Stone Soup version 0.17-a0-1760-ga6756ae (webtiles) character file.

122 Gorice the Ducker (level 4, 0/22 HPs)
             Began as a Felid Berserker on Sept 3, 2015.
             Was a Priest of Trog.
             Slain by an orc
             ... wielding a +0 hand axe
              (5 damage)
             ... on level 3 of the Dungeon.
             The game lasted 00:09:17 (2470 turns).

Gorice the Ducker (Felid Berserker)                 Turns: 2470, Time: 00:09:17

Health: 0/22       AC:  1    Str: 13    XL:     4   Next: 78%
Magic:  5/5        EV: 20    Int:  8    God:    Trog [***...]
Gold:   135        SH:  0    Dex: 16    Spells: 0 memorised, 3 levels left
                                        Lives:  0   Deaths: 1

rFire  . . .     SeeInvis +       - Unarmed
rCold  . . .     Clarity  .     (armour unavailable)
rNeg   . . .     SustAt   .     (shield unavailable)
rPois  .         Gourm    .     (helmet unavailable)
rElec  .         Spirit   .     (cloak unavailable)
rCorr  .         Warding  .     (gloves unavailable)
rMut   .         Stasis   .     (boots unavailable)
MR     .....                    (no amulet)
Stlth  ++........               (no ring)
                                (no ring)

@: quick, not resistant to hostile enchantments, unstealthy
A: no armour, no weapons or thrown items, claws 1, fangs 3, see invisible,
carnivore 3, speed 1, shaggy fur 1, slow metabolism 1, sharp paws
a: Burn Spellbooks, Berserk, Trog's Hand, Renounce Religion


You were on level 3 of the Dungeon.
You worshipped Trog.
Trog was most pleased with you.
You were completely stuffed.

You visited 1 branch of the dungeon, and saw 3 of its levels.

You collected 135 gold pieces.

Inventory:

Scrolls
 f - 2 scrolls of identify {unknown}
 j - a scroll of blinking
 l - a scroll of remove curse {unknown}
Potions
 b - 2 potions of flight
 e - a potion of beneficial mutation {unknown}
 g - 2 potions of haste {unknown}
 h - a potion of heal wounds {unknown}
 i - a potion of resistance {unknown}
Comestibles
 a - 2 meat rations {!e}
 d - 4 beef jerkies
 k - 11 chunks of flesh


   Skills:
 + Level 4.0 Fighting
 + Level 5.2 Dodging
 * Level 4.7 Unarmed Combat


You had 3 spell levels left.
You didn't know any spells.

Dungeon Overview and Level Annotations

Branches:
Dungeon (3/15)

Altars:
Makhleb


Innate Abilities, Weirdness & Mutations

You cannot wear armour.
You are incapable of wielding weapons or throwing items.
You have sharp claws.
You have razor-sharp teeth.
You have supernaturally acute eyesight.
You are carnivorous and can eat meat at any time.
You cover ground quickly.
You are covered in fur (AC +1).
You have a slow metabolism.
Your sharp claws are effective at attacking unaware monsters.


Message History

You see here a silver javelin.
The orc throws a silver javelin.
The silver javelin completely misses you.
The orc shouts!
You scratch the orc but do no damage. The orc misses you.
An orc comes into view. It is wielding a hand axe.
The orc shouts!
You scratch the orc.
The orc is severely wounded.
The orc hits you.
Damage: 3 (max 3)
You scratch the orc but do no damage.
The orc is severely wounded.
You scratch the orc but do no damage. You barely miss the orc.
The orc misses you. The orc completely misses you.
You closely miss the orc. The orc misses you. The orc misses you.
The orc closely misses you.
You scratch the orc.
The orc is almost dead.
The orc barely misses you. The orc misses you.
You barely miss the orc.
The orc is almost dead.
The orc barely misses you. The orc hits you but does no damage.
The orc completely misses you. The orc hits you with a club. The orc hits you.
* * * LOW HITPOINT WARNING * * *
Damage: 6 (max 6)
You barely miss the orc.
The orc throws a stone.
The stone barely misses you. The orc misses you. The orc hits you with a club.
* * * LOW HITPOINT WARNING * * *
Damage: 1 (max 6) Unknown command.
Drink which item? (? for menu, Esc to quit)
You feel better.
The orc throws a stone.
The stone hits you. The orc hits you but does no damage.
The orc completely misses you.
You scratch the orc but do no damage. The orc hits you.
* * * LOW HITPOINT WARNING * * *
Damage: 4 (max 6)
You claw the orc!
The orc is almost dead.
The orc misses you. The orc hits you with a hand axe.
* * * LOW HITPOINT WARNING * * *
Damage: 1 (max 6) Unknown command.
You scratch the orc.
You kill the orc!
Trog accepts your kill. The orc completely misses you.
The orc hits you with a hand axe.
You die...

#... ....#.##.#
#.####..#.##.#
#.>....(.....#
####.#........... #
#...)........##.# ###.
#.....).........# .....
#....(....#..##..
###...###......##(#..####
.......o@(((%(....)..####
.......o)########.##..)).
.....!...# #.#######
......#### #.# #.#... #.#
# #... #.# ..#. #.# .###
#.# ### ##.#


You could see 2 orcs.

Vanquished Creatures
  Jessica (D:2)
  A worker ant (D:3)
  Robin (D:2)
  4 adders
  2 giant geckos
  10 orcs (D:3)
  7 bats
  4 giant cockroaches
  10 hobgoblins
  A quokka (D:2)
  3 giant newts
  14 goblins
  3 jackals (D:2)
  4 kobolds
  7 rats
72 creatures vanquished.

Notes
Turn   | Place    | Note
--------------------------------------------------------------
     0 | D:1      | Gorice the Felid Berserker began the quest for the Orb.
     0 | D:1      | Reached XP level 1. HP: 10/10 MP: 2/2
   141 | D:1      | Reached XP level 2. HP: 11/14 MP: 3/3
   197 | D:1      | HP: 3/14 [goblin/club (4)]
   614 | D:1      | Acquired Trog's second power
   888 | D:1      | Reached XP level 3. HP: 14/17 MP: 4/4
  1260 | D:2      | Found a burning altar of Makhleb.
  1475 | D:2      | Noticed Jessica
  1479 | D:2      | Killed Jessica
  1479 | D:2      | Reached skill level 4 in Unarmed Combat
  1479 | D:2      | Reached XP level 4. HP: 21/21 MP: 5/5
  1632 | D:2      | Noticed Robin
  1673 | D:2      | Killed Robin
  1688 | D:3      | HP: 4/22 [goblin/dagger (3)]
  1689 | D:3      | Slain by a goblin
  1690 | D:3      | Reached XP level 3. HP: -1/18 MP: 4/4
  1762 | D:3      | HP: 5/18 [worker ant (5)]
  1765 | D:3      | Reached skill level 5 in Dodging
  1765 | D:3      | Reached XP level 4. HP: 7/22 MP: 5/5
  1768 | D:3      | HP: 5/33 [poisoned by a worker ant]
  1996 | D:3      | HP: 5/22 [orc/mace of crushing (2)]
  2245 | D:3      | Found a faded altar to an unknown god.
  2429 | D:3      | Reached skill level 4 in Fighting
  2465 | D:3      | HP: 6/22 [orc (3)]
  2470 | D:3      | Slain by an orc

Vault maps used:
D:1:      dpeg_arrival_ternary, serial_forest, infiniplex_forest_clump_medium,
          infiniplex_forest_straight_3, infiniplex_forest_clump_small,
          infiniplex_forest_straight_4, infiniplex_forest_lined_3,
          infiniplex_forest_clump_curved, infiniplex_forest_end_2, st_stairs_8
D:2:      lemuel_round_altar, minmay_surrounded, uniq_jessica, uniq_robin
D:3:      ecumenical_altar_2

Action                   |  1- 3 |  4- 6 || total
-------------------------+-------+-------++-------
Melee: Unarmed           |   120 |    73 ||   193
Invok: Berserk           |     3 |     1 ||     4
  Use: Scroll            |     2 |       ||     2
       Potion            |       |     3 ||     3
 Stab: Sleeping          |     5 |     2 ||     7
  Eat: Chunk             |    15 |     4 ||    19

Table legend:
 A = Turns spent in this place as a percentage of turns spent in the entire game.
 B = Non-inter-level travel turns spent in this place as a percentage of non-inter-level travel turns spent in the entire game.
 C = Inter-level travel turns spent in this place as a percentage of turns spent in this place.
 D = Turns resting spent in this place as a percentage of non-inter-level travel turns spent in this place.
 E = Turns spent auto-exploring this place as a percentage of non-inter-level travel turns spent in this place.
 F = Non-inter-level travel turns spent in this place divided by the number of levels of this place that you've seen.
                   A       B       C       D       E      F
               +-------+-------+-------+-------+-------+----------------------
         Total | 100.0 | 100.0 |   0.1 |   3.0 |   5.1 | 300.0
       Dungeon | 100.0 | 100.0 |   0.1 |   3.0 |   5.1 | 300.0
               +-------+-------+-------+-------+-------+----------------------

Vault maps used:
D:1:      dpeg_arrival_ternary, serial_forest, infiniplex_forest_clump_medium,
          infiniplex_forest_straight_3, infiniplex_forest_clump_small,
          infiniplex_forest_straight_4, infiniplex_forest_lined_3,
          infiniplex_forest_clump_curved, infiniplex_forest_end_2, st_stairs_8
D:2:      lemuel_round_altar, minmay_surrounded, uniq_jessica, uniq_robin
D:3:      ecumenical_altar_2
